 Dungeon Crawl Stone Soup version 0.25.1-2-g60ff931df9 (webtiles) character file.

Game seed: 7652624458647316871

7132 korthal the Quickloader (level 11, -3/114 HPs)
             Began as a Kobold Hunter on Oct 17, 2020.
             Was a High Priest of Okawaru.
             Slain by a hornet (5 damage)
             ... on level 10 of the Dungeon.
             The game lasted 00:20:16 (12553 turns).

korthal the Quickloader (Kobold Hunter)            Turns: 12553, Time: 00:20:18

Health: -3/114     AC: 25    Str: 13    XL:     11   Next: 31%
Magic:  22/23      EV:  3    Int: 13    God:    Okawaru [*****.]
Gold:   504        SH:  0    Dex: 15    Spells: 10/10 levels left

rFire    . . .     SeeInvis .   a - +1 hand crossbow
rCold    . . .     Gourm    .   (shield restricted)
rNeg     + + +     Faith    .   (armour currently unavailable)
rPois    +         Spirit   .   (helmet currently unavailable)
rElec    .         Reflect  .   (cloak currently unavailable)
rCorr    .         Harm     .   (gloves currently unavailable)
MR       .....     NoTele   +   (boots currently unavailable)
Stlth    ++++......             (no amulet)
HPRegen  0.29/turn              A - ring of stealth
MPRegen  0.18/turn              k - ring of magical power

@: tree-form, heroism, slowed, very slow
A: small, carnivore
a: Heroism, Finesse, Renounce Religion


You were on level 10 of the Dungeon.
You worshipped Okawaru.
Okawaru was extremely pleased with you.
You were not hungry.
You were a tree.
You visited 1 branch of the dungeon, and saw 10 of its levels.
You also visited: Ossuary.

You collected 504 gold pieces.

Inventory:

Hand Weapons
 a - a +1 hand crossbow (weapon)
 b - a +0 short sword
 x - a +1 scimitar of draining
 z - a +0 whip of freezing
 N - a +2 scimitar of flaming
Missiles
 d - 101 bolts (quivered)
 n - 84 poisoned darts
Armour
 c - a +0 leather armour
 w - a +0 plate armour
 y - a +2 helmet (melded)
 D - a +0 pair of boots (melded)
 L - a +2 cloak (melded)
 M - a +0 chain mail (melded)
Jewellery
 k - a ring of magical power (right branch)
 A - a ring of stealth (left branch)
 J - an uncursed ring of fire
 O - an uncursed amulet of reflection {unknown}
 Q - an uncursed amulet of reflection {unknown}
Wands
 C - a wand of clouds (4)
 P - a wand of paralysis (14)
 S - a wand of random effects (15)
Scrolls
 g - 2 scrolls of immolation {unknown}
 h - 6 scrolls of identify
 l - 4 scrolls of enchant weapon
 m - 7 scrolls of teleportation
 p - 2 scrolls of noise {unknown}
 q - a scroll of amnesia {unknown}
 r - 6 scrolls of fog
 s - 6 scrolls of remove curse
 t - 3 scrolls of magic mapping {unknown}
 F - 2 scrolls of fear {unknown}
 R - a scroll of torment {unknown}
 T - a scroll of random uselessness {unknown}
Potions
 e - 3 potions of stabbing
 i - 3 potions of cancellation {unknown}
 j - a potion of berserk rage {unknown}
 o - 9 potions of curing
 u - 2 potions of resistance {unknown}
 v - 2 potions of might
 B - a potion of brilliance {unknown}
 E - 2 potions of haste {unknown}
 G - 2 potions of mutation
 H - a potion of lignification
 I - 2 potions of invisibility {unknown}
 K - 2 potions of flight {unknown}
Comestibles
 f - 16 rations


   Skills:
 + Level 12.1(17.1) Fighting
 + Level 14.0(19.0) Crossbows
 - Level 2.4(7.4) Dodging
 - Level 1.3(6.3) Stealth
 * Level 4.6 Invocations


You had 10 spell levels left.
You didn't know any spells.
Your spell library contained the following spells:

 Spells                   Type           Power        Failure   Level  Hunger
 Animate Skeleton         Necr           N/A          30%         1    ##.....
 Apportation              Tloc           #.....       30%         1    ##.....
 Corona                   Hex            #......      30%         1    ##.....
 Summon Small Mammal      Summ           #...         30%         1    ##.....
 Bolt of Magma            Conj/Fire/Erth #.........   100%        5    ######.
 Iskenderun's Battlesphe  Conj/Chrm      #.......     100%        5    ######.
 Iron Shot                Conj/Erth      #.........   100%        6    #######
 Orb of Destruction       Conj           #.........   100%        7    #######
 Spellforged Servitor     Conj/Summ      #.........   100%        7    #######


Dungeon Overview and Level Annotations

Branches:
Dungeon (10/15)            Temple (0/1) D:4            Lair (0/6) D:8
    Orc (0/2) D:9         Ossuary (visited)

Altars:
Ashenzari
Fedhas
Makhleb
Okawaru
Sif Muna
Zin

Annotations:
D:8 3 runed translucent doors
D:10 Psyche


Innate Abilities, Weirdness & Mutations

You are small and have problems with some larger weapons.
You are carnivorous and can eat meat at any time.


Message History

You fail to use your ability.
You feel sick. The hornet stings you!
* * * LOW HITPOINT WARNING * * *
You feel as though you will be slow longer.
The hornet barely misses you.
You feel better.
The hornet stings you but does no damage.
A sky beast comes into view.
The hornet stings you!
* * * LOW HITPOINT WARNING * * *
You feel as though you will be slow longer.
The hornet stings you but does no damage.
Really quaff the potion of lignification?
You turn into a tree.
Your +2 cloak melds into your body.
Your +2 helmet melds into your body.
Your +0 pair of boots melds into your body.
Your +0 chain mail melds into your body.
Your roots penetrate the ground.
The hornet stings you but does no damage.
The hornet stings you.
You die...

?..... ####.# .....
.....##
#...##.......
#............
...#.......
#.####.#.......
#..............
######.#..(....
#.♣y{Y#.......
###.#####.......
##...#### ###....
#.......# ....
#.......#####....
####................
#.................
#..................
#...................


You could see a hornet and a sky beast.

Vanquished Creatures
  Harold (D:9)
  Erica (D:8)
  Pikel (D:3)
  An elephant (D:8)
  2 trolls (D:9)
  A hippogriff (D:9)
  A yak (D:8)
  3 hungry ghosts
  A slave (D:4)
  An ice beast (D:8)
  An orc warrior (D:8)
  A necrophage (D:8)
  3 ogres
  3 phantoms
  3 centaurs
  2 crocodiles (D:8)
  Blork the orc (D:4)
  6 bullfrogs
  A wyvern skeleton (D:9)
  7 killer bees
  A howler monkey (D:4)
  3 wights (D:9)
  A crimson imp (D:4)
  2 quasits (D:9)
  3 centaur zombies
  4 hounds
  3 jellies
  5 orc priests
  Crazy Yiuf (D:5)
  5 orc wizards
  3 iguanas
  A centaur skeleton (D:6)
  A gnoll shaman (D:5)
  6 worker ants
  Natasha (twice) (D:4)
  5 big kobold zombies (Ossuary)
  A hound zombie (D:6)
  2 mummies
  3 gnolls (D:6)
  9 adders
  A shadow imp (D:9)
  2 oozes
  An adder skeleton (D:4)
  A worm (D:5)
  2 dart slugs
  3 leopard geckos
  24 orcs
  4 spectral bats (Ossuary)
  10 bats
  7 giant cockroaches
  7 gnoll zombies (Ossuary)
  6 goblins
  3 hobgoblins
  6 jackals
  4 kobolds
  3 quokkas
  3 ball pythons
  4 bat simulacra (Ossuary)
  7 frilled lizards
  3 goblin simulacra (Ossuary)
  5 goblin zombies
  4 hobgoblin zombies (Ossuary)
  A jackal skeleton (D:4)
  2 kobold simulacra (Ossuary)
  6 kobold zombies
  A leopard gecko zombie (D:6)
  5 orc zombies (Ossuary)
  8 rats
  4 rat simulacra (Ossuary)
  3 spectral goblins (Ossuary)
  3 spectral kobolds (Ossuary)
  2 spectral rats (Ossuary)
  2 fungi (D:5)
249 creatures vanquished.

Vanquished Creatures (others)
  Natasha (D:4)
1 creature vanquished.

Grand Total: 250 creatures vanquished

Notes
Turn   | Place    | Note
-------+----------+-------------------------------------------
     0 | D:1      | korthal the Kobold Hunter began the quest for the Orb.
     0 | D:1      | Reached XP level 1. HP: 12/12 MP: 1/1
   106 | D:1      | Reached skill level 5 in Crossbows
   110 | D:1      | Reached XP level 2. HP: 17/17 MP: 2/2
   307 | D:1      | Reached XP level 3. HP: 17/21 MP: 3/3
   616 | D:1      | Reached skill level 6 in Crossbows
  1140 | D:2      | Reached XP level 4. HP: 27/27 MP: 4/4
  1782 | D:2      | Found a glowing silver altar of Zin.
  1783 | D:2      | Found a shimmering blue altar of Sif Muna.
  1783 | D:2      | Found a shattered altar of Ashenzari.
  1783 | D:2      | Found an iron altar of Okawaru.
  1791 | D:2      | Found a blossoming altar of Fedhas.
  1796 | D:2      | Found a burning altar of Makhleb.
  2201 | D:2      | Became a worshipper of Warmaster Okawaru
  2245 | D:3      | Reached XP level 5. HP: 20/32 MP: 5/5
  2397 | D:3      | Found a faded altar of an unknown god.
  2736 | D:3      | Reached skill level 7 in Crossbows
  2984 | D:4      | Noticed an ogre
  3009 | D:4      | Noticed Blork the orc
  3417 | D:4      | Noticed an ogre
  3421 | D:4      | Killed an ogre
  3421 | D:4      | Reached XP level 6. HP: 38/38 MP: 6/6
  3434 | D:4      | Noticed a slave
  3455 | D:4      | Killed a slave
  3685 | D:4      | Killed Blork the orc
  3685 | D:4      | Reached skill level 8 in Crossbows
  3820 | D:4      | Killed an ogre
  3820 | D:4      | Reached * piety under Okawaru
  3820 | D:4      | Reached XP level 7. HP: 44/44 MP: 7/7
  3910 | D:4      | Noticed Natasha
  3913 | D:4      | Killed Natasha
  3931 | D:4      | Reached skill level 9 in Crossbows
  4034 | D:4      | Found a staircase to the Ecumenical Temple.
  4114 | D:4      | Noticed Natasha
  4127 | D:4      | Killed Natasha
  4127 | D:4      | Reached skill level 5 in Fighting
  4133 | D:4      | Noticed Pikel
  4198 | D:3      | Killed Pikel
  4198 | D:3      | Reached ** piety under Okawaru
  4198 | D:3      | Reached *** piety under Okawaru
  4198 | D:3      | Reached skill level 10 in Crossbows
  4198 | D:3      | Reached XP level 8. HP: 12/51 MP: 8/8
  4504 | D:4      | Killed Natasha
  4681 | D:5      | Entered Level 5 of the Dungeon
  4730 | D:5      | Got a bloodstained mace
  4778 | D:5      | Found a sand-covered staircase.
  4791 | Ossuary  | Entered an ossuary
  4928 | Ossuary  | Reached skill level 11 in Crossbows
  5469 | Ossuary  | Identified the +6 mace of Vengeance {vorpal, Fragile +Fly
                  | rN++ Int+3} (You found it on level 5 of the Dungeon)
  6012 | D:5      | Reached XP level 9. HP: 47/56 MP: 9/9
  6377 | D:5      | Found a runed translucent door.
  6378 | D:5      | Noticed Crazy Yiuf
  6402 | D:5      | Killed Crazy Yiuf
  6851 | D:5      | Reached **** piety under Okawaru
  7250 | D:6      | Reached skill level 12 in Crossbows
  7260 | D:6      | Received a gift from Okawaru
  8922 | D:8      | Noticed an elephant
  8941 | D:8      | Killed an elephant
  8941 | D:8      | Reached XP level 10. HP: 48/67 MP: 8/10
  8976 | D:8      | Reached ***** piety under Okawaru
  8976 | D:8      | Reached skill level 10 in Fighting
  9083 | D:8      | Found a staircase to the Lair.
  9112 | D:8      | Found a burning altar of Makhleb.
  9247 | D:8      | Reached skill level 1 in Invocations
  9554 | D:8      | Noticed a brown very ugly thing
  9555 | D:8      | Found a runed translucent gate.
  9555 | D:8      | Noticed a brown ugly thing
  9555 | D:8      | Noticed a brown ugly thing
  9555 | D:8      | Noticed a brown ugly thing
  9556 | D:8      | Found a runed translucent gate.
  9556 | D:8      | Found a runed translucent gate.
  9662 | D:8      | Reached skill level 13 in Crossbows
  9680 | D:8      | Noticed Erica
  9683 | D:8      | Paralysed by something for 4 turns
  9689 | D:8      | Paralysed by something for 5 turns
 10137 | D:9      | Received a gift from Okawaru
 10173 | D:9      | Found a staircase to the Orcish Mines.
 10615 | D:9      | Received a gift from Okawaru
 10671 | D:9      | Noticed Harold
 10690 | D:9      | Killed Harold
 10716 | D:8      | Reached XP level 11. HP: 27/74 MP: 13/13
 11249 | D:9      | Received a gift from Okawaru
 11902 | D:8      | Killed Erica
 11902 | D:8      | Reached skill level 14 in Crossbows
 12493 | D:10     | Entered Level 10 of the Dungeon
 12538 | D:10     | Noticed Psyche
 12551 | D:10     | HP: 3/76 [hornet (12)]
 12552 | D:10     | HP: 1/76 [hornet (8)]
 12553 | D:10     | Slain by a hornet

Illustrated notes

Levels and vault maps discovered:
D:1:      mushboom_english_gardens, layout_basic
D:2:      layout_basic, minmay_overflow_temple_hex, first_ration
D:3:      layout_rooms, chequers_ecumenical_altar_simple
D:4:      minmay_general_purpose_star, layout_basic,
          minmay_temple_entry_statues_fountains, uniq_blork_the_orc,
          uniq_natasha, uniq_pikel
D:5:      minmay_spotlight, layout_basic, nicolae_ossuary_entry_giza,
          portal_sewer_entry_b, uniq_crazy_yiuf_cottage
D:6:      layout_cave_pools
D:7:      layout_basic
D:8:      layout_loops_corners, david_lair_generic,
          ploomutoo_gammafunk_ghost_potion_laboratory, grunt_pizzeria,
          minivault_1, minivault_24, corexii_leaking_fountain, bloody_makhleb,
          uniq_erica
D:9:      layout_stronghold, orc_0_dummy, uniq_harold
D:10:     layout_basic, basic_altar, minmay_misc_feat_iff,
          hangedman_glass_teeth, uniq_psyche

Skill      XL: |  1  2  3  4  5  6  7  8  9 10 11 |
---------------+----------------------------------+-----
Crossbows      | 5 6 7 8 10 11 12 13 14 | 14.0
Fighting       | 3 4 5 6 9 11 12 | 12.1
Invocations    | 3 4 |  4.6
Dodging        | |  2.4
Stealth        | |  1.3

Action                   |  1- 3 |  4- 6 |  7- 9 | 10-12 || total
-------------------------+-------+-------+-------+-------++-------
Melee: Short sword       |    47 |    85 |       |       ||   132
       Whip              |       |       |    25 |       ||    25
 Fire: Hand crossbow     |    46 |    85 |   472 |   256 ||   859
Invok: Heroism           |       |       |     1 |     3 ||     4
       Finesse           |       |       |       |     1 ||     1
  Use: Scroll            |       |       |    10 |       ||    10
       Potion            |       |       |     1 |     4 ||     5
 Stab: Sleeping          |     1 |     5 |       |       ||     6
  Eat: Chunk             |     9 |     6 |    18 |    15 ||    48
Armor: Leather armour    |    13 |    25 |    53 |       ||    91
       Chain mail        |       |       |    65 |   104 ||   169
       Skin              |       |       |     9 |     1 ||    10
Dodge: Dodged            |    59 |   111 |   225 |    60 ||   455
